 Dungeon Crawl Stone Soup version 0.28-a0-447-g1f95980246 (webtiles) character file.

Game seed: 10048298256933822094

98346 Yaksher the Brawler (level 15, -5/152 HPs)
             Began as a Troll Fighter on Sept 13, 2021.
             Was a High Priest of Okawaru.
             Killed from afar by Aizul (12 damage)
             ... with a poison arrow
             ... on level 1 of the Snake Pit.
             The game lasted 02:42:17 (20293 turns).

Yaksher the Brawler (Troll Fighter)                Turns: 20293, Time: 02:42:18

Health: -5/152     AC:  8    Str: 28    XL:     15   Next: 74%
Magic:  22/22      EV: 13    Int: 11    God:    Okawaru [*****.]
Gold:   1469       SH: 19    Dex: 14    Spells: 12/14 levels left

rFire   . . .      SeeInvis .     - Unarmed
rCold   . . .      Faith    .   Y - +3 kite shield "Ebik" {Int+7}
rNeg    . . .      Spirit   .   L - +2 robe {Will+}
rPois   +          Reflect  +   r - +1 hat
rElec   .          Harm     .   E - +0 cloak
rCorr   .          Rampage  .   (gloves unavailable)
Will    ++...                   (boots unavailable)
Stlth   +.........              q - amulet of reflection
HPRegen 1.35/turn               B - ring of poison resistance
MPRegen 0.18/turn               F - +4 ring of slaying

@: lethally poisoned (-5 -> -8)
A: large, unfitting armour, claws 3, regeneration 1, shaggy fur 1, tough skin 1
a: Renounce Religion, Heroism, Finesse, Duel


You were on level 1 of the Snake Pit.
You worshipped Okawaru.
Okawaru was extremely pleased with you.
You visited 4 branches of the dungeon, and saw 23 of its levels.
You also visited: Gauntlet and Volcano.

You collected 1469 gold pieces.

Inventory:

Hand Weapons
 M - a +1 dagger of chaos
 Q - the +9 rapier of Egur {spect, rElec rF+ Dex+3}
   (You found it on level 6 of the Lair of Beasts)

   When its wielder attacks, the weapon's spirit leaps out and strikes again.
   The spirit shares a part of any damage it takes with its wielder.
   Dex:       It affects your dexterity (+3).
   rF:        It protects you from fire.
   rElec:     It insulates you from electricity.
Armour
 e - a +1 tower shield of fire resistance
 r - a +1 hat (worn)
 u - a +2 troll leather armour {Snorg}
 E - a +0 cloak (worn)
 L - a +2 robe of willpower (worn)
 Y - the +3 kite shield "Ebik" (worn) {Int+7}
   (Okawaru gifted it to you on level 13 of the Dungeon)

   Int:       It affects your intelligence (+7).
Jewellery
 k - the ring "Faklyago" {rF- rN+ rCorr Dex+5 SInv}
   (You found it on level 15 of the Dungeon)

   [ring of see invisible]

   Dex:       It affects your dexterity (+5).
   rF:        It makes you vulnerable to fire.
   rN:        It protects you from negative energy.
   SInv:      It lets you see invisible.
   rCorr:     It protects you from acid and corrosion.
 n - the ring of Oblaered {Ice rN+}
   (You found it in a Gauntlet)

   [ring of ice]

   It enhances your ice magic.
   rF:        It makes you vulnerable to fire.
   rC:        It protects you from cold.
   rN:        It protects you from negative energy.
 p - the ring of the Philosopher {rC+ Will+ Int+3}
   (You found it in a Gauntlet)

   [ring of willpower]

   Int:       It affects your intelligence (+3).
   rC:        It protects you from cold.
   Will:      It increases your willpower.
 q - an amulet of reflection (around neck)
 B - a ring of poison resistance (left claw)
 F - a +4 ring of slaying (right claw)
 N - a +4 ring of protection
Wands
 a - a wand of paralysis (12)
 l - a wand of acid (10)
 x - a wand of iceblast (38)
 y - a wand of polymorph (53)
 G - a wand of flame (38)
 S - a wand of digging (3)
 T - a wand of mindburst (23)
Scrolls
 f - a scroll of fear
 h - 2 scrolls of blinking
 i - 3 scrolls of immolation
 m - a scroll of silence
 o - 2 scrolls of magic mapping
 t - 3 scrolls of torment
 v - 6 scrolls of teleportation
 D - 2 scrolls of enchant armour
 I - 3 scrolls of summoning
Potions
 b - a potion of attraction {unknown}
 c - 5 potions of might
 d - a potion of cancellation
 g - a potion of mutation
 j - 7 potions of ambrosia
 w - a potion of resistance
 z - 8 potions of curing
 A - 3 potions of haste
 H - 4 potions of flight
 W - 2 potions of brilliance
 X - a potion of invisibility
 Z - a potion of magic
Miscellaneous
 P - a tin of tremorstones (2/2)
 U - a box of beasts


   Skills:
 * Level 10.7 Fighting
 * Level 7.5 Dodging
 - Level 10.0 Shields
 * Level 15.9 Unarmed Combat
 - Level 2.6 Transmutations
 - Level 11.0 Invocations
 - Level 5.8 Evocations


You had 12 spell levels left.
You knew the following spells:

 Your Spells              Type           Power      Damage    Failure   Level
a - Wereblood             Tmut           5%         N/A       19%         2

Your spell library contained the following spells:

 Spells                   Type           Power      Damage    Failure   Level
 Apportation              Tloc           0%         N/A       34%         1
 Freeze                   Ice            0%         1d3       34%         1
 Ensorcelled Hibernation  Hex/Ice        0%         N/A       47%         2
 Sublimation of Blood     Necr           0%         N/A       47%         2
 Frozen Ramparts          Ice            0%         1d2       71%         3
 Gell's Gravitas          Tloc           0%         N/A       71%         3
 Ozocubu's Armour         Ice            0%         N/A       71%         3
 Stone Arrow              Conj/Erth      0%         3d7       71%         3
 Teleport Other           Tloc           0%         N/A       71%         3
 Airstrike                Air            0%         N/A       98%         4
 Hailstorm                Conj/Ice       0%         3d3       98%         4
 Leda's Liquefaction      Hex/Erth       0%         N/A       98%         4
 Blade Hands              Tmut           2%         N/A       98%         5
 Alistair's Intoxication  Tmut/Pois      1%         N/A       99%         5
 Irradiate                Conj/Tmut      1%         3d14      99%         5
 Freezing Cloud           Conj/Ice/Air   0%         6-21      100%        5
 Iskenderun's Battlesphe  Conj           0%         2d6       100%        5
 Lee's Rapid Deconstruct  Erth           0%         3d5*      100%        5
 Lightning Bolt           Conj/Air       0%         1d11      100%        5
 Dispersal                Tloc           0%         N/A       100%        6
 Invisibility             Hex            0%         N/A       100%        6
 Iron Shot                Conj/Erth      0%         9d1       100%        6
 Statue Form              Tmut/Erth      1%         N/A       100%        6
 Dragon Form              Tmut           2%         N/A       100%        7
 Disjunction              Tloc           0%         N/A       100%        8
 Lehudib's Crystal Spear  Conj/Erth      0%         10d2      100%        8
 Animate Skeleton         Necr           Unusable   N/A       N/A         1
 Summon Small Mammal      Summ           Unusable   N/A       N/A         1
 Call Canine Familiar     Summ           Unusable   N/A       N/A         3
 Summon Guardian Golem    Hex/Summ       Unusable   N/A       N/A         3
 Tukima's Dance           Hex            Unusable   N/A       N/A         3
 Animate Armour           Summ/Erth      Unusable   N/A       N/A         4
 Summon Lightning Spire   Summ/Air       Unusable   N/A       N/A         4
 Spellforged Servitor     Conj/Summ      Unusable   N/A       N/A         7
 Summon Hydra             Summ           Unusable   N/A       N/A         7

Dungeon Overview and Level Annotations

Branches:
Dungeon (15/15)            Temple (1/1) D:5            Lair (6/6) D:8
 Shoals (0/4) Lair:2        Snake (1/4) Lair:4          Orc (0/2) D:9
 Vaults (0/5) D:14         Depths (0/5) D:15        Volcano (visited)
Gauntlet (visited)
  Slime: Lair:5-6

Altars:
Ashenzari
Cheibriados
Dithmenos
Elyvilon
Fedhas
Gozag
Hepliaklqana
Kikubaaqudgha
Makhleb
Nemelex Xobeh
Okawaru
Qazlal
Ru
Sif Muna
Trog
Uskayaw
Vehumet
Wu Jian
Xom
Yredelemnul
Zin
The Shining One

Shops:
D:1 (   D:5 [   D:8 *   D:14 =

Portals:
Trove: D:10 (give Kryia's mail coat)

Annotations:
Lair:5 exclusion: oklob plant
Snake:1 Aizul


Innate Abilities, Weirdness & Mutations

You are too large for most types of armour.
You have claws for hands.
Your natural rate of healing is unusually fast.
You are covered in fur. (AC +1)
You have tough skin. (AC +1)


Message History

You resist.
You feel very sick. Aizul casts a spell at you. The bolt of poison hits you!
You are more poisoned.
You resist.
You feel extremely sick.
You feel very sick.
Aizul coils herself and waves her upper body at you.
You fall asleep.
You feel very sick. Aizul hits you!!!
You wake up.
* * * LOW HITPOINT WARNING * * *
You feel very sick. You block Aizul's attack.
You feel very sick. You block Aizul's attack. Aizul casts a spell at you.
The bolt of poison hits you!
You are lethally poisoned!
You resist.
* * * LOW HITPOINT WARNING * * *
You feel much better.
* * * LOW HITPOINT WARNING * * *
You feel extremely sick. Aizul hits you!
* * * LOW HITPOINT WARNING * * *
Blink to where?
Press: ? - help, Dir - move target A salamander comes into view.
It is wielding a +3 halberd.
Found a stone staircase leading down.
As you read the scroll of blinking, it crumbles to dust.
* * * LOW HITPOINT WARNING * * *
You feel extremely sick.
You feel better. Aizul casts a spell at you. The poison arrow hits you!
You are poisoned.
You partially resist.
You die...

#.. #.††....#### #.
###§.)##.## #
#...#.# .# #S###.#
# ####.# #.##.#
#....# #....#
#...##......#
#....#......#
#.@..#........
#..>.....####.#..S.
###......#
..#.....# #..##..#
.######.. ### #.# .
#. .N #.. #.#


You could see Aizul and a salamander.

Vanquished Creatures
  Agnes (D:15)
  A fire giant (D:15)
  A minotaur (Gauntlet)
  Snorg (Lair:6)
  2 ogre magi
  A naga warrior (Snake:1)
  8 hydras
  4 boulder beetles
  A merfolk avatar (Lair:6)
  Erolcha (D:9)
  4 centaur warriors
  4 tengu warriors
  13 death yaks
  Urug (Lair:4)
  13 two-headed ogres
  Sonja (D:12)
  3 skeletal warriors (D:15)
  A hell knight (Volcano)
  A sea snake (Lair:6)
  3 sixfirhies (Gauntlet)
  A naga ritualist (Snake:1)
  Pikel (D:8)
  2 orc knights
  A lindwurm (Lair:4)
  2 deep elf pyromancers
  The ghost of frimble the Chiller, a novice GnIE of Cheibriados (D:6)
  A mana viper (Snake:1)
  4 cyclopes
  7 ugly things
  3 manticores
  18 elephants
  7 black mambas
  3 centaur zombies
  An ice statue (Gauntlet)
  A guardian serpent (Lair:4)
  2 torpor snails
  7 cane toads
  2 gargoyles
  Psyche (D:9)
  Maggie (D:7)
  3 kobold demonologists (D:14)
  8 rime drakes
  12 komodo dragons
  2 yaktaurs (D:14)
  A tengu conjurer (D:13)
  4 polar bears
  A queen bee (Lair:6)
  4 trolls
  A hornet (shapeshifter) (D:14)
  2 merfolk (Lair:2)
  3 meliai (Lair:6)
  A hornet (Lair:6)
  A wind drake (Lair:6)
  15 blink frogs
  4 dream sheep (Lair:6)
  9 slime creatures
  2 snapping turtles (Lair:6)
  5 shadows
  A spriggan (shapeshifter) (D:13)
  A vampire (D:10)
  6 wyverns
  A wraith (D:12)
  37 yaks
  A water elemental (D:13)
  A fire bat (shapeshifter) (D:13)
  4 basilisks
  2 swamp worms (D:10)
  A warg (D:13)
  6 water moccasins
  2 acid dragons
  6 orc warriors
  3 ice beasts
  A sky beast (D:6)
  5 ogres
  3 black bears
  A necrophage (D:8)
  12 wolves
  3 lemures (D:8)
  20 centaurs
  3 kobold brigands
  16 bullfrogs
  2 scorpions
  The ghost of gregwegmann the Ruffian, a weakling TrMo (D:3)
  16 killer bees (Lair:6)
  11 wights
  3 howler monkeys
  3 electric eels
  3 bullfrog zombies
  4 hounds
  10 orc priests
  3 iguanas
  13 orc wizards
  A hound skeleton (D:5)
  A howler monkey zombie (D:8)
  4 gnolls
  6 adders
  A howler monkey skeleton (D:4)
  3 white imps
  2 ufetubi
  An adder skeleton (D:4)
  4 worms
  A dart slug (D:4)
  60 orcs
  5 ball pythons
  5 bats
  6 endoplasms
  4 giant cockroaches
  12 goblins
  9 hobgoblins
  6 jackals
  24 kobolds
  4 quokkas
  4 frilled lizards
  A rat (D:1)
578 creatures vanquished.

Vanquished Creatures (others)
  A komodo dragon (D:9)
  31 fungi
  58 plants
90 creatures vanquished.

Grand Total: 668 creatures vanquished

Notes
Turn   | Place    | Note
-------+----------+-------------------------------------------
     0 | D:1      | Yaksher the Troll Fighter began the quest for the Orb.
     0 | D:1      | Reached XP level 1. HP: 22/22 MP: 0/0
    55 | D:1      | Reached XP level 2. HP: 29/29 MP: 1/1
   217 | D:1      | Found Gaczijon's Antique Weapon Shop.
   411 | D:1      | Reached XP level 3. HP: 36/36 MP: 2/2
   421 | D:1      | Found a faded altar of an unknown god.
   953 | D:2      | Reached skill level 3 in Unarmed Combat
   953 | D:2      | Reached XP level 4. HP: 44/44 MP: 3/3
  1325 | D:3      | Found a blossoming altar of Fedhas.
  1378 | D:3      | Reached skill level 4 in Unarmed Combat
  1378 | D:3      | Reached XP level 5. HP: 50/52 MP: 4/4
  1558 | D:3      | Found a runed translucent door.
  1560 | D:3      | Noticed gregwegmann's ghost (weakling TrMo)
  1582 | D:3      | Killed gregwegmann's ghost
  2006 | D:4      | Reached skill level 5 in Unarmed Combat
  2119 | D:4      | Reached XP level 6. HP: 56/61 MP: 5/5
  2292 | D:4      | Reached skill level 6 in Unarmed Combat
  2542 | D:5      | Entered Level 5 of the Dungeon
  2543 | D:5      | Found a staircase to the Ecumenical Temple.
  2551 | Temple   | Entered the Ecumenical Temple
  2769 | Temple   | Became a worshipper of Warmaster Okawaru
  2934 | D:5      | Reached XP level 7. HP: 43/67 MP: 6/6
  3226 | D:5      | Found Ruraih's Antique Armour Emporium.
  3684 | D:6      | Reached * piety under Okawaru
  3992 | D:6      | Reached XP level 8. HP: 66/78 MP: 7/7
  4543 | D:6      | Found a runed translucent door.
  4556 | D:6      | Noticed frimble's ghost (novice GnIE)
  4639 | D:6      | Killed frimble's ghost
  4639 | D:6      | Reached ** piety under Okawaru
  4640 | D:6      | Reached skill level 7 in Unarmed Combat
  4640 | D:6      | Reached skill level 1 in Invocations
  4800 | D:7      | Reached skill level 5 in Dodging
  4941 | D:7      | Reached XP level 9. HP: 81/87 MP: 9/9
  5055 | D:7      | Reached skill level 5 in Fighting
  5462 | D:7      | Noticed Maggie
  5472 | D:7      | Killed Maggie
  5472 | D:7      | Reached *** piety under Okawaru
  5473 | D:7      | Reached skill level 5 in Shields
  5473 | D:7      | Reached skill level 8 in Unarmed Combat
  5600 | D:8      | Noticed a komodo dragon
  5621 | D:8      | Found a staircase to the Lair.
  5655 | D:8      | Found Muamourph's Overcharged Wands.
  5882 | D:8      | Noticed Pikel
  5896 | D:8      | Killed Pikel
  5896 | D:8      | Reached **** piety under Okawaru
  5897 | D:8      | Reached XP level 10. HP: 96/98 MP: 9/11
  6264 | D:9      | Found a staircase to the Orcish Mines.
  6388 | D:9      | Noticed Psyche
  6399 | D:9      | Killed Psyche
  6495 | D:9      | Noticed Erolcha
  6529 | D:10     | Entered Level 10 of the Dungeon
  6541 | D:10     | Reached skill level 1 in Evocations
  6577 | D:10     | Reached ***** piety under Okawaru
  6691 | D:10     | Noticed a two-headed ogre
  6698 | D:10     | Killed a two-headed ogre
  6698 | D:10     | Received a gift from Okawaru
  6806 | D:10     | Noticed a two-headed ogre
  6819 | D:10     | Killed a two-headed ogre
  6820 | D:10     | Reached skill level 5 in Invocations
  6924 | D:10     | Reached XP level 11. HP: 98/105 MP: 13/13
  7146 | D:10     | Found a portal to a secret trove of treasure.
  7494 | D:11     | Noticed a two-headed ogre
  7508 | D:11     | Killed a two-headed ogre
  7509 | D:11     | Reached skill level 5 in Evocations
  7825 | D:11     | Noticed a boulder beetle
  7852 | D:11     | Killed a boulder beetle
  7852 | D:11     | Received a gift from Okawaru
  8030 | D:12     | Reached skill level 9 in Unarmed Combat
  8120 | Lair:1   | Entered Level 1 of the Lair of Beasts
  8239 | Lair:1   | Noticed a four-headed hydra
  8259 | Lair:1   | Killed a four-headed hydra
  9248 | Lair:2   | Reached skill level 10 in Unarmed Combat
  9324 | Lair:2   | Received a gift from Okawaru
  9460 | Lair:2   | Reached XP level 12. HP: 113/118 MP: 16/16
  9666 | Lair:2   | Noticed a five-headed hydra
  9676 | Lair:2   | Killed a five-headed hydra
  9764 | Lair:2   | Noticed an eight-headed hydra
  9780 | Lair:2   | Killed an eight-headed hydra
 10145 | Lair:2   | Found a staircase to the Shoals.
 10152 | Lair:2   | Reached skill level 11 in Unarmed Combat
 10494 | Lair:3   | Noticed a four-headed hydra
 10526 | Lair:3   | Killed a five-headed hydra
 10721 | Lair:3   | Noticed a death yak
 10729 | Lair:3   | Killed a death yak
 11285 | Lair:3   | Reached skill level 12 in Unarmed Combat
 11453 | Lair:3   | Noticed a death yak
 11453 | Lair:3   | Noticed a death yak
 11454 | Lair:3   | Noticed a death yak
 11456 | Lair:3   | Noticed a death yak
 11462 | Lair:3   | Killed a death yak
 11463 | Lair:3   | Reached XP level 13. HP: 125/127 MP: 10/18
 11677 | Lair:4   | Received a gift from Okawaru
 11716 | Lair:4   | Noticed Urug
 11720 | Arena    | Entered the Arena
 11779 | Lair:4   | Killed Urug
 11814 | Lair:4   | Found a dark tunnel.
 11876 | Volcano  | Entered a volcano
 11899 | Volcano  | Identified the +1 pair of gloves of Nemelex Xobeh's Favour
                  | {rC+}
 12087 | Volcano  | Reached skill level 13 in Unarmed Combat
 12511 | Lair:4   | Found a staircase to the Snake Pit.
 13125 | Lair:5   | Received a gift from Okawaru
 13189 | Lair:5   | Got the Tome of the Congealing Compass
 13675 | Lair:5   | Identified the amulet "Sayjuis" {rF+ rN+ Regen+ Dex-5}
 14028 | Lair:6   | Entered Level 6 of the Lair of Beasts
 14041 | Lair:6   | Reached XP level 14. HP: 139/140 MP: 18/20
 14299 | Lair:6   | Reached skill level 14 in Unarmed Combat
 14356 | Lair:6   | Noticed Snorg
 14364 | Lair:6   | Killed Snorg
 14452 | Lair:6   | Reached skill level 10 in Invocations
 14558 | Lair:6   | Received a gift from Okawaru
 14628 | Lair:6   | Identified the +9 rapier of Egur {spect, rElec rF+ Dex+3}
 15995 | D:12     | Noticed Sonja
 16016 | D:12     | Killed Sonja
 16158 | D:13     | Reached skill level 10 in Fighting
 16268 | D:13     | Reached skill level 15 in Unarmed Combat
 16377 | D:13     | Identified the +3 kite shield "Ebik" {Int+7} (Okawaru
                  | gifted it to you on level 13 of the Dungeon)
 16377 | D:13     | Received a gift from Okawaru
 16418 | D:13     | Reached XP level 15. HP: 144/149 MP: 21/21
 16434 | D:13     | Reached skill level 10 in Shields
 16521 | D:13     | You fall into a shaft and drop 2 floors!
 16521 | D:15     | Entered Level 15 of the Dungeon
 16559 | D:14     | Identified the +1 robe of Exclusion {rN+ Int+7 Slay-2}
 16583 | D:14     | Found a gate leading to a gauntlet.
 16684 | D:14     | Found a gate to the Vaults.
 16695 | D:14     | Found Mummay's Jewellery Boutique.
 16811 | Gauntlet | Entered a Gauntlet
 16811 | Gauntlet | Found a transporter.
 16814 | Gauntlet | Found a transporter.
 16816 | Gauntlet | Found a transporter.
 16838 | Gauntlet | Found a transporter.
 16850 | Gauntlet | Found a transporter.
 16851 | Gauntlet | Found a transporter.
 16860 | Gauntlet | Found a transporter.
 16876 | Gauntlet | Found a transporter.
 16887 | Gauntlet | Found a transporter.
 16899 | Gauntlet | Found a transporter.
 16904 | Gauntlet | Found a transporter.
 16904 | Gauntlet | Found a transporter.
 16964 | Gauntlet | Found a transporter.
 16974 | Gauntlet | Found a transporter.
 17224 | Gauntlet | Reached skill level 1 in Transmutations
 17289 | Gauntlet | Identified the ring of Oblaered {Ice rN+}
 17359 | Gauntlet | Identified the ring of the Philosopher {rC+ Will+ Int+3}
 17457 | Gauntlet | Learned a level 2 spell: Wereblood
 17574 | Gauntlet | Identified the +0 robe "Qonolu" {Harm rN+ Str-2}
 18500 | D:15     | Found a staircase to the Depths.
 18500 | D:15     | Noticed a fire giant
 18648 | D:15     | Identified the ring "Faklyago" {rF- rN+ rCorr Dex+5 SInv}
 18959 | D:15     | Killed a fire giant
 19143 | D:15     | Noticed Agnes
 19155 | D:15     | Killed Agnes
 19255 | D:15     | Found an iron altar of Okawaru.
 19875 | D:9      | Killed Erolcha
 19875 | D:9      | Received a gift from Okawaru
 20096 | Snake:1  | Entered Level 1 of the Snake Pit
 20119 | Snake:1  | Noticed Aizul
 20291 | Snake:1  | HP: 6/152 [Aizul (13)]
 20292 | Snake:1  | HP: 1/152 [poisoned by Aizul (bolt of poison)]
 20293 | Snake:1  | Killed from afar by Aizul

Illustrated notes

Levels and vault maps discovered:
D:1:      evilmike_arrival_crescent, layout_rooms, serial_shops,
          nicolae_shop_waterfront, chequers_ecumenical_altar_lobes
D:2:      layout_basic, minmay_misc_feat_alley
D:3:      layout_loops_cross, mainiacjoe_overflow_alcove_2,
          gammafunk_ghost_grave, grunt_decor_arrowhead
D:4:      layout_cave_pools, st_stairs_9
D:5:      wad_lake_hut, layout_basic, serial_shops, nicolae_shop_statue_plus,
          nrook_campfire
D:6:      layout_basic, ebering_ghost_sewer_d, minmay_misc_feat_plants,
          minmay_misc_feat_square, minmay_misc_feat_more_columns
D:7:      layout_gridville, due_unseen_surprise, uniq_maggie
D:8:      layout_gridville, due_lair_maze_entry_diamond,
          nicolae_shop_overcharged_wands, uniq_pikel
D:9:      layout_basic, david_orc_2, kennysheep_generic_room_15, uniq_erolcha,
          uniq_psyche
D:10:     layout_rooms, nicolae_trove_entry_crossroad, worms_lemuel
D:11:     layout_rooms
D:12:     layout_irregular_city, uniq_sonja
D:13:     layout_cave_pools, water_boxes_lemuel
D:14:     layout_roguey, hangedman_vaults_entry_quadrant_bands, serial_shops,
          shop, minmay_misc_feat_iff, gauntlet_entry_generic,
          chequers_mini_garden
D:15:     grunt_enter_depths_giant_problem, layout_gridville,
          okawaru_altar_gauntlet_db, uniq_agnes
Temple:   kilobyte_greek_temple
Lair:1:   layout_cave_shapes, st_stairs_8, grunt_megastairs_5,
          serial_bayou_shore_b
Lair:2:   layout_regular_city, elwin_shoals_entry_rooms, serial_rivers,
          chequers_serial_rivers_marsh, chequers_serial_rivers_micro_c,
          chequers_serial_rivers_micro_a, chequers_serial_rivers_room_b,
          chequers_serial_rivers_large_b, infiniplex_staircase_pool
Lair:3:   layout_cave_pods, minmay_holes, fungi_pond_lemuel,
          nicolae_lair_grove_arrangements
Lair:4:   layout_long_grid, minmay_snake_entry_spellcaster,
          nicolae_volcano_entry_vermiform, uniq_urug
Lair:5:   layout_cave_pods, minmay_slime_entry_oklob_enclosed
Lair:6:   gammafunk_lair_ancient_temple, layout_misc_corridors, special_room
          [special_room_bee], lemuel_fruit_tree, uniq_snorg
Snake:1:  layout_misc_corridors, st_stairs_12, serial_bayou_shore_b, uniq_aizul

Skill      XL: |  1  2  3  4  5  6  7  8  9 10 11 12 13 14 15 |
---------------+----------------------------------------------+-----
Unarmed Combat | 3 4 5 6 7 8 10 12 13 15 | 15.9
Dodging        | 3 4 5 6 7 |  7.5
Fighting       | 3 4 5 6 7 8 9 10 | 10.7
Shields        | 3 4 5 6 7 9 10 | 10.0
Invocations    | 1 3 5 7 8 9 10 11 | 11.0
Evocations     | 4 5 |  5.8
Transmutations | 2 |  2.6

Action                   |  1- 3 |  4- 6 |  7- 9 | 10-12 | 13-15 || total
-------------------------+-------+-------+-------+-------+-------++-------
Melee: Unarmed           |   103 |   149 |   245 |   489 |   918 ||  1904
       Morningstar       |       |       |       |    21 |    27 ||    48
       Rapier            |       |       |       |       |     4 ||     4
Invok: Heroism           |       |       |     3 |    31 |    34 ||    68
       Finesse           |       |       |       |    10 |    16 ||    26
       Duel              |       |       |       |       |     1 ||     1
Evoke: Wand              |       |       |       |    13 |     1 ||    14
  Use: Scroll            |       |       |       |    10 |    21 ||    31
       Potion            |       |       |       |       |     8 ||     8
 Stab: Sleeping          |     2 |       |       |     2 |       ||     4
       Distracted        |       |       |       |       |     2 ||     2
       Paralysed         |       |       |       |       |     1 ||     1
Armor: Robe              |    37 |    49 |    45 |       |     8 ||   139
       Swamp dragon scal |       |       |    12 |   179 |    80 ||   271
       Troll leather arm |       |       |       |       |    79 ||    79
Dodge: Dodged            |    29 |    50 |    72 |   176 |   230 ||   557
Block: Kite shield       |    39 |    63 |    91 |   322 |   356 ||   871
       Reflection        |       |       |       |    10 |    46 ||    56
       Tower shield      |       |       |       |       |   454 ||   454

Table legend: (Time is in decaauts)
 A = Elapsed time spent in this place.
 B = Non-inter-level travel time spent in this place.
 C = Inter-level travel time spent in this place.
 D = Time resting spent in this place.
 E = Time spent auto-exploring this place.
 F = Levels seen in this place.
 G = Mean time per level.
                   A        B        C        D        E       F      G
               +--------+--------+--------+--------+--------+-----+--------+
         Total |  19981 |  16723 |   3258 |    231 |  11995 |  26 |  768.5 |
       Dungeon |  12342 |  10322 |   2020 |     15 |   7790 |  15 |  822.8 |
        Temple |    276 |    238 |     38 |      0 |    126 |   1 |  276.0 |
          Lair |   6069 |   4883 |   1186 |     97 |   3717 |   6 | 1011.5 |
     Snake Pit |    184 |    172 |     12 |     92 |      0 |   1 |  184.0 |
       Volcano |    318 |    318 |      0 |      0 |    176 |   1 |  318.0 |
      Gauntlet |    752 |    752 |      0 |      0 |    185 |   1 |  752.0 |
         Arena |     36 |     36 |      0 |     27 |      0 |   1 |   36.0 |
               +--------+--------+--------+--------+--------+-----+--------+

Top non-repeatable levels by time:
  Lair:2: 1278 daAuts
  Lair:3: 1182 daAuts
     D:6: 1131 daAuts
    D:14: 1104 daAuts
  Lair:5: 1081 daAuts
     D:9: 1081 daAuts
    D:15: 992 daAuts
    D:10: 989 daAuts
  Lair:4: 984 daAuts
     D:3: 902 daAuts
  Lair:6: 901 daAuts
     D:5: 887 daAuts
     D:8: 879 daAuts
    D:12: 845 daAuts
     D:7: 790 daAuts
